 Dungeon Crawl Stone Soup version 0.28-a0-479-g5baa6b73be (webtiles) character file.

Game seed: 13667401408877895491

8374 heikuro the Cleaver (level 11, -2/97 HPs)
             Began as a Minotaur Berserker on Sept 18, 2021.
             Was a High Priest of Trog.
             Slain by a white ugly thing (24 damage)
             ... on level 10 of the Dungeon.
             The game lasted 00:19:38 (11389 turns).

heikuro the Cleaver (Minotaur Berserker)           Turns: 11389, Time: 00:19:39

Health: -2/97      AC: 18    Str: 24    XL:     11   Next: 9%
Magic:  0/10       EV:  9    Int:  4    God:    Trog [*****.]
Gold:   609        SH:  0    Dex: 11    Spells: 10/10 levels left

rFire   . . .      SeeInvis .   O - +4 battleaxe (flame)
rCold   . . .      Faith    .   (shield currently unavailable)
rNeg    + . .      Spirit   +   h - +0 plate armour
rPois   .          Reflect  .   (helmet restricted)
rElec   .          Harm     .   w - +0 cloak
rCorr   .          Rampage  .   G - +0 pair of gloves
Will    .....                   A - +0 pair of boots
Stlth   ..........              i - amulet of guardian spirit
HPRegen 0.26/turn               M - ring of positive energy
MPRegen 0.12/turn               (no ring)

@: mighty, marked, on berserk cooldown, slowed, very slow
A: horns 2, retaliatory headbutt
a: Renounce Religion, Berserk, Trog's Hand, Brothers in Arms


You were on level 10 of the Dungeon.
You worshipped Trog.
Trog was extremely pleased with you.
You visited 2 branches of the dungeon, and saw 12 of its levels.

You collected 609 gold pieces.

Inventory:

Hand Weapons
 b - a +0 hand crossbow
 s - a +0 war axe
 v - a +1 whip of venom
 O - a +4 battleaxe of flaming (weapon)
Missiles
 c - 41 bolts
 d - 122 arrows
 k - 21 poisoned darts (quivered)
 t - 6 throwing nets
 N - a curare-tipped dart
Armour
 h - a +0 plate armour (worn)
 w - a +0 cloak (worn)
 A - a +0 pair of boots (worn)
 G - a +0 pair of gloves (worn)
Jewellery
 i - an amulet of guardian spirit (around neck)
 M - a ring of positive energy (left hand)
Wands
 p - a wand of iceblast (16)
 u - a wand of polymorph (8)
 E - a wand of flame (51)
 H - a wand of digging (7)
 J - a wand of charming (14)
Scrolls
 f - a scroll of magic mapping {unknown}
 g - 8 scrolls of teleportation
 j - a scroll of torment {unknown}
 n - 2 scrolls of fog {unknown}
 x - 5 scrolls of enchant armour
 y - a scroll of brand weapon {unknown}
 B - a scroll of silence {unknown}
 C - a scroll of fear {unknown}
 D - 3 scrolls of noise {unknown}
 L - a scroll of vulnerability {unknown}
Potions
 e - 4 potions of haste
 l - a potion of degeneration {unknown}
 m - 2 potions of magic
 o - 5 potions of curing
 q - 3 potions of heal wounds
 r - 2 potions of mutation {unknown}
 z - 2 potions of lignification {unknown}
 F - 2 potions of brilliance {unknown}
 I - 3 potions of might
 K - 2 potions of flight {unknown}


   Skills:
 + Level 9.4 Fighting
 * Level 12.5 Axes
 + Level 4.5 Crossbows
 + Level 9.1 Armour
 + Level 8.2 Dodging
 - Level 3.0 Evocations


You had 10 spell levels left.
You didn't know any spells.
Your spell library was empty.

Dungeon Overview and Level Annotations

Branches:
Dungeon (11/15)            Temple (1/1) D:6
   Lair: D:8-11         Orc: D:9-12

Altars:
Ashenzari
Cheibriados
Dithmenos
Elyvilon
Fedhas
Gozag
Hepliaklqana
Kikubaaqudgha
Makhleb
Nemelex Xobeh
Okawaru
Qazlal
Ru
Sif Muna
Trog
Uskayaw
Vehumet
Wu Jian
Xom
Yredelemnul
Zin
The Shining One


Innate Abilities, Weirdness & Mutations

You have a pair of horns on your head.
You reflexively headbutt those who attack you in melee.


Message History

The flame cauterises the wound!
You slash the four-headed hydra! You burn the four-headed hydra.
The four-headed hydra is almost dead.
You hit the wyvern but do no damage. The wyvern bites you.
The four-headed hydra closely misses you.
The four-headed hydra bites you. x2
The four-headed hydra barely misses you.
The wyvern bites you!
A basilisk comes into view.
The basilisk hisses menacingly.
The wyvern bites you but does no damage.
The four-headed hydra bites you but does no damage. x3
The four-headed hydra bites you.
An elephant comes into view.
The four-headed hydra bites you but does no damage.
The four-headed hydra bites you.
The four-headed hydra bites you but does no damage. x2
The wyvern bites you but does no damage.
You see here a killer bee corpse.
Unknown command.
The white ugly thing stings you but does no damage. x2
The four-headed hydra bites you but does no damage. x3
The four-headed hydra barely misses you.
There is an escape hatch in the ceiling here.
The wyvern bites you but does no damage.
The basilisk hisses menacingly.
The white ugly thing barely misses you.
The four-headed hydra bites you but does no damage.
The four-headed hydra closely misses you.
The four-headed hydra bites you.
* * * LOW HITPOINT WARNING * * *
The four-headed hydra closely misses you.
The wyvern bites you but does no damage.
A mysterious force pulls you upwards. The hatch slams shut behind you.
You feel very mighty all of a sudden.
The wyvern bites you but does no damage.
The white ugly thing stings you!
* * * LOW HITPOINT WARNING * * *
The white ugly thing freezes you!!
You die...

### #.# #.# #.#
#####.# ......#
......#
......##############
...............l@u.#
.........###....D..#
......####.'.......#
......#....#.......#
......#....#.#######
......#....#.#
......#....#.#
###...#....#.#
..#...#+####.#


You could see a four-headed hydra, a white ugly thing and a wyvern.

Vanquished Creatures
  A boulder beetle (D:9)
  2 two-headed ogres
  2 unseen horrors
  A troll (D:11)
  A shadow (D:10)
  Eustachio (D:5)
  5 yaks (D:10)
  3 wyverns
  2 steam dragons (D:7)
  An acid dragon (D:7)
  3 water moccasins
  Purgy (D:4)
  7 orc warriors
  3 sky beasts
  3 centaurs
  A phantom (D:7)
  2 kobold brigands
  A gnoll sergeant (D:4)
  4 bullfrogs
  A wyvern skeleton (D:7)
  5 killer bees (D:11)
  5 wights (D:6)
  A bullfrog zombie (D:7)
  2 electric eels (D:4)
  2 centaur zombies
  A jelly (D:7)
  3 bullfrog skeletons
  3 orc priests
  Crazy Yiuf (D:5)
  4 hounds
  5 iguanas
  14 orc wizards
  A killer bee zombie (D:7)
  A hound skeleton (D:4)
  3 howler monkey zombies
  7 gnolls (D:4)
  5 adders
  3 white imps
  6 dart slugs
  50 orcs
  9 endoplasms
  A giant cockroach (D:1)
  5 goblins
  2 hobgoblins
  13 kobolds
  3 quokkas
  11 ball pythons
  3 bats
  2 frilled lizards
  4 rats
220 creatures vanquished.

Vanquished Creatures (others)
  3 fungi (D:1)
  2 plants
5 creatures vanquished.

Grand Total: 225 creatures vanquished

Notes
Turn   | Place    | Note
-------+----------+-------------------------------------------
     0 | D:1      | heikuro the Minotaur Berserker began the quest for the Orb.
     0 | D:1      | Reached XP level 1. HP: 19/19 MP: 0/0
   147 | D:1      | Found a faded altar of an unknown god.
   218 | D:1      | Reached XP level 2. HP: 27/27 MP: 1/1
   222 | D:1      | Reached skill level 4 in Axes
   841 | D:2      | Reached XP level 3. HP: 26/33 MP: 2/2
  1064 | D:2      | Found a sparkling altar of Nemelex Xobeh.
  1065 | D:2      | Reached ** piety under Trog
  2073 | D:4      | Noticed Purgy
  2082 | D:4      | Killed Purgy
  2083 | D:4      | Reached skill level 5 in Axes
  2083 | D:4      | Reached skill level 1 in Evocations
  2083 | D:4      | Reached XP level 4. HP: 41/41 MP: 3/3
  2083 | D:4      | Reached XP level 5. HP: 47/47 MP: 4/4
  2806 | D:4      | Found a transporter.
  2823 | D:4      | Found a transporter.
  3307 | D:4      | Reached XP level 6. HP: 39/53 MP: 5/5
  3389 | D:4      | Found a bloodstained altar of Trog.
  3390 | D:4      | Reached *** piety under Trog
  3430 | D:4      | Reached skill level 6 in Axes
  3795 | D:4      | Reached skill level 5 in Fighting
  4063 | D:5      | Entered Level 5 of the Dungeon
  4165 | D:5      | Noticed Eustachio
  4195 | D:5      | Killed Eustachio
  4196 | D:5      | Reached XP level 7. HP: 4/61 MP: 1/6
  4842 | D:5      | Reached skill level 7 in Axes
  4842 | D:5      | Reached skill level 5 in Armour
  5125 | D:5      | Found a runed translucent door.
  5126 | D:5      | Noticed Crazy Yiuf
  5463 | D:5      | Killed Crazy Yiuf
  5690 | D:6      | Found a shadowy altar of Dithmenos.
  5712 | D:6      | Reached XP level 8. HP: 70/70 MP: 7/7
  5893 | D:6      | Reached skill level 8 in Axes
  5895 | D:6      | Reached skill level 5 in Dodging
  6038 | D:6      | Identified the +0 leather armour of Hubris {Harm Int+4}
  6081 | D:6      | Found a staircase to the Ecumenical Temple.
  6159 | D:6      | Found a sacrificial altar of Ru.
  6236 | Temple   | Entered the Ecumenical Temple
  6558 | D:7      | Reached skill level 9 in Axes
  6913 | D:7      | Reached XP level 9. HP: 79/79 MP: 8/8
  7179 | D:7      | Reached **** piety under Trog
  7460 | D:7      | Reached skill level 10 in Axes
  7753 | D:8      | Found a stormy altar of Qazlal.
  8189 | D:8      | Found an ancient bone altar of Kikubaaqudgha.
  8234 | D:8      | Noticed a two-headed ogre
  8242 | D:8      | Killed a two-headed ogre
  8243 | D:8      | Reached skill level 11 in Axes
  8243 | D:8      | Reached skill level 1 in Crossbows
  8476 | D:9      | Reached XP level 10. HP: 88/88 MP: 9/9
  8630 | D:9      | Noticed a boulder beetle
  8641 | D:9      | Killed a boulder beetle
  8860 | D:9      | Reached ***** piety under Trog
  9648 | D:10     | Entered Level 10 of the Dungeon
  9731 | D:10     | Found a snail-covered altar of Cheibriados.
 10148 | D:10     | Found a broken altar of Ashenzari.
 10152 | D:10     | Found a white marble altar of Elyvilon.
 10156 | D:10     | Found a basalt altar of Yredelemnul.
 10211 | D:10     | Reached skill level 12 in Axes
 10324 | D:10     | Noticed a centaur warrior
 10324 | D:10     | Noticed a flayed ghost
 10328 | D:10     | Noticed a five-headed hydra
 10330 | D:10     | Noticed a boulder beetle
 10331 | D:10     | Noticed a centaur warrior
 10428 | D:10     | Found a shimmering altar of Xom.
 10436 | D:10     | Received a gift from Trog
 10464 | D:10     | Noticed a two-headed ogre
 10469 | D:10     | Killed a two-headed ogre
 10786 | D:10     | Found a glowing golden altar of the Shining One.
 11000 | D:11     | Reached XP level 11. HP: 97/97 MP: 7/10
 11371 | D:11     | Noticed a seven-headed hydra
 11381 | D:11     | Noticed a white ugly thing
 11389 | D:10     | Slain by a white ugly thing

Illustrated notes

Levels and vault maps discovered:
D:1:      dpeg_arrival_shelter, layout_rooms, dreamdust_ecumenical_altar_grove,
          minmay_misc_feat_hallway
D:2:      layout_basic, basic_altar, dk_noncrumbling_3
D:3:      layout_loops_ring
D:4:      gammafunk_steamed_eel, layout_basic, trog_three_pillars_becter,
          uniq_purgy
D:5:      layout_basic, uniq_crazy_yiuf_cottage, uniq_eustachio
D:6:      layout_rooms, grunt_dithmenos_smoke,
          mainiacjoe_overflow_cross_hatched, minmay_temple_entry_mini_moons
D:7:      layout_rooms, minmay_joined_circles
D:8:      layout_cave_pools, mainiacjoe_overflow_catwalk,
          kiku_gazebo_garden_becter
D:9:      layout_stronghold
D:10:     layout_irregular_city, mainiacjoe_overflow_24_doors,
          kennysheep_slug_shrine, nicolae_tso_swordbearing_angel,
          grunt_temple_overflow_diamond, onia_ninara_dug_in_and_dangerous
D:11:     layout_basic, david_lair_generic, hiddenorc1_lemuel,
          nicolae_wu_jian_immortal_techniques
Temple:   minmay_freezing_vapour_temple

Skill      XL: |  1  2  3  4  5  6  7  8  9 10 |
---------------+-------------------------------+-----
Axes           | 4 5 6 7 9 11 12 | 12.5
Fighting       | 4 5 7 8 9 |  9.4
Armour         | 3 4 5 6 7 9 |  9.1
Dodging        | 3 4 5 7 8 |  8.2
Evocations     | 1 2 3 |  3.0
Crossbows      | 1 4 |  4.5

Action                   |  1- 3 |  4- 6 |  7- 9 | 10-12 || total
-------------------------+-------+-------+-------+-------++-------
Melee: Hand axe          |    67 |       |       |       ||    67
       Headbutt          |    12 |     9 |    33 |    24 ||    78
       War axe           |    17 |     5 |       |       ||    22
       Battleaxe         |       |    54 |   200 |   143 ||   397
 Fire: Hunting sling     |       |     9 |       |       ||     9
       Hand crossbow     |       |       |     6 |    18 ||    24
Invok: Berserk           |     1 |     1 |    14 |     7 ||    23
       Trog's Hand       |       |       |       |     1 ||     1
Evoke: Wand              |       |       |     4 |       ||     4
  Use: Scroll            |     1 |       |     6 |       ||     7
       Potion            |       |       |       |     2 ||     2
Armor: Animal skin       |     1 |       |       |       ||     1
       Chain mail        |    31 |    19 |     3 |       ||    53
       Robe              |     1 |       |       |       ||     1
       Leather armour    |       |       |    94 |       ||    94
       Plate armour      |       |       |    11 |   182 ||   193
Dodge: Dodged            |    44 |    24 |   110 |    69 ||   247

Table legend: (Time is in decaauts)
 A = Elapsed time spent in this place.
 B = Non-inter-level travel time spent in this place.
 C = Inter-level travel time spent in this place.
 D = Time resting spent in this place.
 E = Time spent auto-exploring this place.
 F = Levels seen in this place.
 G = Mean time per level.
                   A        B        C        D        E       F      G
               +--------+--------+--------+--------+--------+-----+--------+
         Total |  11704 |  10987 |    717 |   2810 |   5793 |  12 |  975.3 |
       Dungeon |  11688 |  10975 |    713 |   2810 |   5783 |  11 | 1062.5 |
        Temple |     15 |     11 |      4 |      0 |     10 |   1 |   15.0 |
               +--------+--------+--------+--------+--------+-----+--------+

Top non-repeatable levels by time:
     D:5: 1700 daAuts
     D:4: 1580 daAuts
    D:10: 1487 daAuts
     D:9: 1273 daAuts
     D:7: 1202 daAuts
     D:2: 995 daAuts
     D:3: 880 daAuts
     D:8: 790 daAuts
     D:1: 778 daAuts
     D:6: 754 daAuts
    D:11: 245 daAuts
  Temple: 15 daAuts
